 Dungeon Sprint DCSS version 0.31-a0-595-g4209ae197b (webtiles) character file.

Game seed: 10530918426635078142

644 Conn the Arsonist (level 7, -2/41 HPs)
             Began as an Octopode Fire Elementalist on Aug 19, 2023.
             Slain by a flying skull (10 damage)
             ... in the Dungeon (Sprint II: "The Violet Keep of Menkaure").
             The game lasted 00:04:38 (121 turns).

Conn the Arsonist (Octopode Fire Elementalist)       Turns: 121, Time: 00:04:41

Health: -2/41      AC:  1    Str:  8    XL:     7   Next: 52%
Magic:  7/18       EV: 14    Int: 25    God:
Gold:   158        SH:  0    Dex: 12    Spells: 12/22 levels left

rFire   . . .        (no weapon)
rCold   . . .        (no shield)
rNeg    . . .        (helmet restricted)
rPois   .            (no amulet)
rElec   .            d - +6 ring of intelligence
rCorr   .            (no ring)
SInv    .            (no ring)
Will    .....        (no ring)
Stlth   +++++        (no ring)
HPRegen 0.26/turn    (no ring)
MPRegen 0.16/turn    (no ring)
                     (no ring)

%: no teleportation
@: lethally poisoned (-2 -> -25), slowed, very slow
A: almost no armour, amphibious, 8 rings, camouflage 1, gelatinous body 1,
nimble swimmer 1, tentacles
a: no special abilities


You were in the Dungeon.
You visited 1 branch You collected 486 gold pieces.
You spent 328 gold pieces at shops.

Inventory:

Missiles
 e - 2 curare-tipped darts (quivered)
Jewellery
 d - a +6 ring of intelligence (left tentacle)
Scrolls
 f - a scroll of blinking
Potions
 a - 2 potions of magic
 b - a potion of curing


   Skills:
 + Level 0.2 Fighting
 + Level 4.8 Dodging
 + Level 6.1 Stealth
 * Level 8.2 Spellcasting
 * Level 6.5 Conjurations
 + Level 10.3 Fire Magic


You had 12 spell levels left.
You knew the following spells:

 Your Spells              Type           Power      Damage    Failure   Level
a - Foxfire               Conj/Fire      100%       2x1d9     1%          1
b - Scorch                Fire           100%       2d9       1%          2
c - Inner Flame           Hex/Fire       36%        N/A       1%          3
d - Flame Wave            Conj/Fire      51%        2d13      1%          4

Your spell library contained the following spells:

 Spells                   Type           Power      Damage    Failure   Level
 Volatile Blastmotes      Fire/Tloc      72%        2d16      1%          3
 Blink                    Tloc           20%        N/A       9%          2
 Manifold Assault         Tloc           10%        N/A       52%         4


Dungeon Overview and Level Annotations

Branches:
Dungeon (1/1)

Altars:

Shops:
D ?*:=[[[!![=*((:

Annotations:
D exclusion: oklob plant


Innate Abilities, Weirdness & Mutations

You cannot wear most types of armour.
You are amphibious.
You can wear up to eight rings at the same time.
Your skin changes colour to match your surroundings (Stealth+).
Your rubbery body absorbs attacks. (AC +1, EV +1)
You are camouflaged when in or above water. (Stealth+)
You have tentacles for arms and can constrict up to eight enemies at once.


Message History

The flying skull is almost destroyed.
The flame wave engulfs the flying skull.
The flying skull resists.
The flying skull is moderately damaged.
The flame wave engulfs the flying skull.
The flying skull resists.
The flying skull is lightly damaged.
The flying skull completely misses you. The flying skull closely misses you.
Unknown command.
A wave of flame ripples out!
The flame wave engulfs the flying skull.
The flying skull resists.
The flying skull is almost destroyed.
The flame wave engulfs the flying skull!
The flying skull resists.
The flying skull is severely damaged.
The flame wave engulfs the flying skull!
The flying skull resists.
You destroy the flying skull!
The flame wave engulfs the flying skull!
The flying skull resists.
You destroy the flying skull!
The flame wave engulfs the flying skull but does no damage.
The flying skull is lightly damaged.
The flame wave engulfs the flying skull.
The flying skull resists.
The flying skull is lightly damaged.
The flame wave engulfs the flying skull.
The flying skull resists.
The flying skull is heavily damaged.
The flame wave engulfs the flying skull.
The flying skull resists.
The flying skull is severely damaged.
You finish channelling waves of flame.
You are engulfed in dark miasma.
You are lethally poisoned!
You feel yourself slow down.
* * * LOW HITPOINT WARNING * * *
You feel extremely sick. The flying skull hits you!
You die...

##...∩.∩..#~#...##.##
##....⌠...'~'##.†.<.+
##........#~#...##†##
#▓▓▓▓▓▓▓###~##.###'##
##$YJ######~~####.#.##
#$$Y#l ##~~~#..#..#
#∩P!+l #+#§###.###
#!.J $ #§§##+##~~~
##§@z§§z~~~ #'z○#zz°#~
#.○zz☼○.# ....z☼☼○.#
○.○..○○○○..
##○..○○○○○.#
##○.○○○..## ####+####


You could see 7 flying skulls.

Vanquished Creatures
  2 flying skulls (D)
  Menkaure (D)
  A water moccasin (D)
  4 necrophages (D)
  4 scorpions (D)
12 creatures vanquished.

Vanquished Creatures (others)
  A water moccasin (D)
  8 foxfires (D)
9 creatures vanquished.

Grand Total: 21 creatures vanquished

Notes
Turn   | Place    | Note
-------+----------+-------------------------------------------
     0 | D        | Conn the Octopode Fire Elementalist began the quest for the
                  | Orb.
     0 | D        | Reached XP level 1. HP: 11/11 MP: 3/3
     1 | D        | Noticed a necrophage
     1 | D        | Noticed a necrophage
     1 | D        | Noticed a necrophage
     1 | D        | Noticed a necrophage
     7 | D        | Killed a necrophage
     8 | D        | Reached skill level 5 in Fire Magic
     8 | D        | Reached XP level 2. HP: 17/17 MP: 4/7
     8 | D        | Reached XP level 3. HP: 21/21 MP: 4/8
     8 | D        | Reached XP level 4. HP: 27/27 MP: 5/10
    10 | D        | Killed a necrophage
    11 | D        | Reached skill level 5 in Spellcasting
    11 | D        | Reached skill level 6 in Fire Magic
    11 | D        | Reached XP level 5. HP: 31/31 MP: 5/12
    14 | D        | Reached skill level 7 in Fire Magic
    16 | D        | Reached skill level 5 in Conjurations
    16 | D        | Reached skill level 8 in Fire Magic
    16 | D        | Reached XP level 6. HP: 36/36 MP: 5/15
    27 | D        | Learned a level 2 spell: Scorch
    31 | D        | Learned a level 3 spell: Inner Flame
    36 | D        | Learned a level 4 spell: Flame Wave
    44 | D        | Reached skill level 5 in Stealth
    44 | D        | Reached skill level 9 in Fire Magic
    53 | D        | Reached XP level 7. HP: 14/41 MP: 0/18
    68 | D        | Found Jaray's Antique Armour Boutique.
    68 | D        | Found Tiehaos's Book Shop.
    68 | D        | Found Igimym's Jewellery Boutique.
    68 | D        | Found Biegev's Antique Weapon Boutique.
    68 | D        | Found Liphunoces's Weapon Boutique.
    69 | D        | Found Xelurch's Assorted Antiques.
    69 | D        | Found Uhylakuz's Distillery.
    69 | D        | Found Genelim's Distillery.
    70 | D        | Found Goter's Antique Armour Shop.
    70 | D        | Found Wykuuff's Armour Boutique.
    70 | D        | Noticed a slime creature
    71 | D        | Noticed a slime creature
    72 | D        | Found Geyhe's Antique Armour Boutique.
    72 | D        | Found Caxtule's Jewellery Shop.
    72 | D        | Noticed a slime creature
    72 | D        | Noticed an oklob plant
    73 | D        | Found Quskuyli's General Store.
    73 | D        | Found Coyla's Book Shoppe.
    73 | D        | Found Noxokipp's Magic Scroll Boutique.
    75 | D        | Noticed a yak
    75 | D        | Noticed a yak
    77 | D        | Bought an emerald ring for 105 gold pieces
    77 | D        | Noticed a yak
    79 | D        | Noticed a wyvern
    80 | D        | Noticed a wyvern
    94 | D        | Bought 2 curare-tipped darts for 31 gold pieces
    96 | D        | Bought an Inescapable Atlas for 192 gold pieces
   104 | D        | Reached skill level 10 in Fire Magic
   109 | D        | Noticed a flying skull
   110 | D        | Noticed a flying skull
   112 | D        | Noticed a flying skull
   113 | D        | Noticed a flying skull
   113 | D        | Noticed a flying skull
   114 | D        | Noticed a flying skull
   114 | D        | Noticed a flying skull
   115 | D        | Noticed a flying skull
   115 | D        | Noticed a flying skull
   115 | D        | Noticed a flying skull
   117 | D        | Noticed a flying skull
   119 | D        | Noticed a flying skull
   120 | D        | Noticed Menkaure
   120 | D        | Killed Menkaure
   121 | D        | Killed a flying skull
   121 | D        | Killed a flying skull
   121 | D        | Slain by a flying skull

Illustrated notes

Levels and vault maps discovered:
D:        the_violet_keep_of_menkaure [sprint2_stairs_cluster_1,
          sprint2_shoproom, sprint2_temple, sprint2_basic_supplies,
          sprint2_obstacle_1, sprint2_obstacle_2, sprint2_obstacle_5,
          sprint2_obstacle_6, sprint2_obstacle_7, sprint2_timed_cluster_1,
          sprint2_smallroom_cluster_1, sprint2_smallroom_final_cluster_1,
          sprint2_transparent_cluster_1, sprint2_second_timed_cluster_1,
          sprint2_sniper_area_1, sprint2_heavy_combat_area_1,
          sprint2_mutation_trap_area_1, sprint2_forest_area_1,
          sprint2_light_combat_area_1, sprint2_behind_water_1,
          sprint2_near_end_vault_1]

Skill      XL: |  1  2  3  4  5  6  7 |
---------------+----------------------+-----
Dodging        | 3 4 |  4.8
Stealth        | 3 4 5 6 |  6.1
Spellcasting   | 4 5 6 7 8 |  8.2
Conjurations   | 3 4 5 6 |  6.5
Fire Magic     | 5 6 8 9 10 | 10.3
Fighting       | |  0.2

Action                     |  1- 3 |  4- 6 |  7- 9 || total
---------------------------+-------+-------+-------++-------
  Melee: Unarmed           |     4 |    16 |       ||    20
         Tentacles         |     1 |     8 |       ||     9
         Constrict         |     1 |     5 |       ||     6
   Cast: Foxfire           |       |     2 |     2 ||     4
         Scorch            |       |     1 |     2 ||     3
         Flame Wave        |       |     1 |     2 ||     3
    Use: Potion            |     2 |       |     2 ||     4
 Armour: Skin              |       |     1 |       ||     1
  Dodge: Dodged            |     2 |     8 |     9 ||    19

Table legend: (Time is in decaauts)
 A = Elapsed time spent in this place.
 B = Non-inter-level travel time spent in this place.
 C = Inter-level travel time spent in this place.
 D = Time resting spent in this place.
 E = Time spent auto-exploring this place.
 F = Levels seen in this place.
 G = Mean time per level.
                   A        B        C        D        E       F      G
               +--------+--------+--------+--------+--------+-----+--------+
         Total |    116 |    116 |      0 |      0 |      0 |   1 |  116.0 |
       Dungeon |    116 |    116 |      0 |      0 |      0 |   1 |  116.0 |
               +--------+--------+--------+--------+--------+-----+--------+

Top non-repeatable levels by time:
       D: 116 daAuts
